 Dungeon Crawl Stone Soup version 0.28.0-53-g5a82cb258f (webtiles) character file.

Game seed: 5048686164681827281

158 firemarshallily the Slasher (level 5, -3/41 HPs)
             Began as a Demonspawn Gladiator on June 1, 2022.
             Was a Priest of Lugonu.
             Slain by a water moccasin (7 damage)
             ... on level 3 of the Dungeon.
             The game lasted 00:07:50 (3293 turns).

firemarshallily the Slasher (Demonspawn Gladiator)  Turns: 3293, Time: 00:07:51

Health: -3/41      AC:  5    Str: 17    XL:     5   Next: 16%
Magic:  5/5        EV: 12    Int:  9    God:    Lugonu [***...]
Gold:   133        SH:  0    Dex: 14    Spells: 4/4 levels left

rFire   + . .      SeeInvis .   a - +0 long sword
rCold   + . .      Faith    .   (no shield)
rNeg    . . .      Spirit   .   b - +0 leather armour
rPois   +          Reflect  .   c - +0 helmet
rElec   +          Harm     .   (no cloak)
rCorr   +          Rampage  .   (no gloves)
Will    .....                   j - +0 pair of boots
Stlth   +.........              k - amulet of the acrobat
HPRegen 0.13/turn               (no ring)
MPRegen 0.09/turn               (no ring)

@: lethally poisoned (-3 -> -14), resistant
A: powered by pain 1, demonic touch 1
a: Renounce Religion, Depart the Abyss, Bend Space, Banish


You were on level 3 of the Dungeon.
You worshipped Lugonu.
Lugonu was most pleased with you.
You visited 1 branch of the dungeon, and saw 3 of its levels.

You collected 133 gold pieces.

Inventory:

Hand Weapons
 a - a +0 long sword (weapon)
Missiles
 d - 3 throwing nets
 f - 29 stones (quivered)
 m - 4 silver javelins
Armour
 b - a +0 leather armour (worn)
 c - a +0 helmet (worn)
 j - a +0 pair of boots (worn)
 n - a +0 ring mail
Jewellery
 k - an amulet of the acrobat (around neck)
Scrolls
 e - 2 scrolls of identify {unknown}
 g - a scroll of vulnerability {unknown}
 i - 2 scrolls of teleportation {unknown}
 l - a scroll of enchant armour {unknown}
 o - a scroll of magic mapping {unknown}
 q - a scroll of blinking {unknown}


   Skills:
 * Level 3.6 Fighting
 * Level 3.8 Long Blades
 - Level 2.0 Throwing
 + Level 1.5 Armour
 - Level 3.0 Dodging


You had 4 spell levels left.
You didn't know any spells.
Your spell library contained the following spells:

 Spells                   Type           Power      Damage    Failure   Level
 Hailstorm                Conj/Ice       0%         3d3       99%         4
 Ice Form                 Ice/Tmut       0%         N/A       99%         4
 Simulacrum               Ice/Necr       0%         N/A       100%        6


Dungeon Overview and Level Annotations

Branches:
Dungeon (3/15)

Altars:
Gozag
Makhleb
Zin
Lugonu


Innate Abilities, Weirdness & Mutations

You sometimes gain a little power by taking damage.
Your touch may inflict minor irresistible damage on your foes.


Message History

A water moccasin is nearby!
It was a potion of heal wounds.
You feel much better.
You feel very sick.
The water moccasin bites you but does no damage.
You miss the water moccasin. Your touch misses the water moccasin.
Your punch misses the water moccasin.
The water moccasin is moderately wounded.
You feel very sick. The water moccasin bites you.
The water moccasin barely misses you.
Unknown command.
You barely miss the water moccasin.
The water moccasin is moderately wounded.
You feel sick. The water moccasin bites you.
The water moccasin bites you but does no damage.
You hit the water moccasin.
The water moccasin is heavily wounded.
You feel sick. The water moccasin closely misses you.
You slash the water moccasin!
The water moccasin is almost dead.
You feel sick. The water moccasin bites you.
You are lethally poisoned!
The water moccasin poisons you! The water moccasin bites you.
You are more poisoned.
The water moccasin poisons you!
You miss the water moccasin.
The water moccasin is almost dead.
* * * LOW HITPOINT WARNING * * *
You feel extremely sick. The water moccasin misses you.
The water moccasin bites you.
* * * LOW HITPOINT WARNING * * *
It was a potion of curing.
You feel better. The water moccasin bites you!
* * * LOW HITPOINT WARNING * * *
You are lethally poisoned!
The water moccasin poisons you!
It was a potion of resistance.
You feel protected.
* * * LOW HITPOINT WARNING * * *
You feel very sick. The water moccasin bites you!
You die...

#.##### #.#.################
#.....# #.#.................
#.###.# #.#..#####..#######.
#.###.###....##.............
#.##.#.##.....#.#.......###.
#...................###.###.
##.##.#.####..#####..........
#...##.## #.........##..###.
#...#### #@#######.##.####.
####...#### #S# #.........
#.........# ... ####.#####
#.........# ..... ##.#
#.........# ....... ##..#
#####)#.####.........####...##
...........+.........+.......#
#####...####....(....####....##
#..## ....... #.....#


You could see a water moccasin.

Vanquished Creatures
  4 gnolls
  4 adders
  A worm (D:3)
  6 orcs
  5 ball pythons
  5 bats
  9 endoplasms
  5 giant cockroaches
  5 goblins
  5 hobgoblins
  4 jackals (D:1)
  3 quokkas
  6 frilled lizards
  4 kobolds
  3 rats (D:1)
69 creatures vanquished.

Notes
Turn   | Place    | Note
-------+----------+-------------------------------------------
     0 | D:1      | firemarshallily the Demonspawn Gladiator began the quest
                  | for the Orb.
     0 | D:1      | Reached XP level 1. HP: 16/16 MP: 1/1
    47 | D:1      | Gained mutation: Your touch may inflict minor irresistible
                  | damage on your foes. [demonic ancestry]
    47 | D:1      | Reached XP level 2. HP: 22/22 MP: 2/2
   376 | D:1      | Found a faded altar of an unknown god.
   384 | D:1      | Prayed at the altar of an unknown god.
   384 | D:1      | Became a worshipper of Lugonu the Unformed
   384 | D:1      | Reached * piety under Lugonu
   384 | D:1      | Reached ** piety under Lugonu
   456 | D:1      | Gained mutation: You sometimes gain a little power by
                  | taking damage. [demonic ancestry]
   456 | D:1      | Reached XP level 3. HP: 28/28 MP: 3/3
  1004 | D:2      | Reached skill level 1 in Armour
  1347 | D:2      | Reached XP level 4. HP: 29/35 MP: 4/4
  2238 | D:3      | Reached *** piety under Lugonu
  2355 | D:3      | Noticed a water moccasin
  2679 | D:3      | Found an opulent altar of Gozag.
  2749 | D:3      | Reached XP level 5. HP: 30/41 MP: 5/5
  3120 | D:3      | Found a burning altar of Makhleb.
  3121 | D:3      | Noticed a cacodemon
  3125 | D:3      | Noticed an angel
  3293 | D:3      | Slain by a water moccasin

Illustrated notes

Levels and vault maps discovered:
D:1:      nzn_arrival_depleted_hourglass, layout_loops_ring,
          hellmonk_ecumenical_altar_inner_sanctum, st_stairs_14
D:2:      layout_basic
D:3:      layout_loops_corners, grunt_temple_overflow_order_and_chaos_2,
          mainiacjoe_overflow_surrounded_room

Skill      XL: |  1  2  3 |
---------------+----------+-----
Long Blades    | 3 |  3.8
Throwing       | 2 |  2.0
Dodging        | 3 |  3.0
Armour         | 1 |  1.5
Fighting       | 3 |  3.6

Action                   |  1- 3 |  4- 6 || total
-------------------------+-------+-------++-------
Melee: Long sword        |   104 |    87 ||   191
       Touch             |    13 |    15 ||    28
       Punch             |       |     1 ||     1
Throw: Stone             |       |     1 ||     1
  Use: Potion            |       |     3 ||     3
 Stab: Sleeping          |       |     1 ||     1
Armor: Leather armour    |    44 |    14 ||    58
Dodge: Dodged            |    91 |    50 ||   141
